[ AOE2 MATCH · #513588745 ]
UnrankedBritons vs Persians
Player's team · LOSS
Rival team · WIN
[ REPLAY ANALYSIS · EXTRACTED FROM THE RECORDED GAME ]
Feudal
8:25
Castle
—
Imperial
—
| APM avg | 67.8 |
| APM peak | 130 |
| eAPM avg | 28.3 |
| Villagers / military | 36 / 0 |
Focus
⚔️ 46.8% · 🌾 53.2%
Feudal
—
Castle
—
Imperial
—
| APM avg | 83.7 |
| APM peak | 137 |
| eAPM avg | 28.7 |
| Villagers / military | 24 / 3 |
Focus
⚔️ 27.9% · 🌾 72.1%
Militia ×3
Match map
Initial resources + every placement click. Lines = walls · curves = elevation contours. ◆ gold · ⬟ stone · ● berries · ✦ relic · ◌ wall gap
Your base
jsemosoom's base
Smoothed initial terrain · ◌ = detected wall gap · hover for details
Inputs per minute
— Timbrhoggvandi - - jsemosoom
Build order — Timbrhoggvandi
48 actions detected in the replay
| 0:00 | Queue | Villager (Male) |
| 0:00 | Queue | Villager (Male) |
| 0:01 | Queue | Villager (Male) |
| 0:02 | Build | House |
| 0:02 | Build | House |
| 0:14 | Queue | Villager (Male) |
| 0:14 | Queue | Villager (Male) |
| 0:14 | Queue | Villager (Male) |
| 1:20 | Queue | Villager (Male) |
| 1:20 | Queue | Villager (Male) |
| 1:20 | Queue | Villager (Male) |
| 1:44 | Queue | Villager (Male) |
| 1:44 | Queue | Villager (Male) |
| 1:44 | Queue | Villager (Male) |
| 2:07 | Queue | Villager (Male) |
| 2:17 | Queue | Villager (Male) |
| 2:17 | Queue | Villager (Male) |
| 2:17 | Queue | Villager (Male) |
| 2:34 | Queue | Villager (Male) |
| 2:34 | Queue | Villager (Male) |
| 2:36 | Build | Lumber Camp |
| 2:49 | Queue | Villager (Male) |
| 3:18 | Queue | Villager (Male) |
| 3:40 | Queue | Villager (Male) |
| 3:40 | Queue | Villager (Male) |
| 3:40 | Queue | Villager (Male) |
| 4:04 | Build | House |
| 4:50 | Queue | Villager (Male) |
| 4:50 | Queue | Villager (Male) |
| 4:54 | Queue | Villager (Male) |
| 4:54 | Queue | Villager (Male) |
| 4:54 | Queue | Villager (Male) |
| 4:54 | Queue | Villager (Male) |
| 5:03 | Build | Mill |
| 5:07 | Queue | Villager (Male) |
| 5:22 | Queue | Villager (Male) |
| 5:23 | Queue | Villager (Male) |
| 5:23 | Queue | Villager (Male) |
| 5:34 | Research | Loom |
| 5:39 | Queue | Villager (Male) |
| 5:39 | Research | Loom |
| 6:14 | Research | Feudal Age |
| 6:15 | Research | Feudal Age |
| 6:59 | Research | Loom |
| 7:00 | Queue | Villager (Male) |
| 7:26 | Build | Barracks |
| 8:25 | Age | Feudal Age |
| 8:29 | Queue | Villager (Male) |
Build order — jsemosoom
40 actions detected in the replay
| 0:00 | Queue | Villager (Male) |
| 0:01 | Queue | Villager (Male) |
| 0:01 | Queue | Villager (Male) |
| 0:02 | Build | House |
| 0:03 | Build | House |
| 0:11 | Queue | Villager (Male) |
| 0:29 | Queue | Villager (Male) |
| 0:29 | Queue | Villager (Male) |
| 1:29 | Queue | Villager (Male) |
| 2:16 | Build | Barracks |
| 2:20 | Queue | Villager (Male) |
| 2:21 | Queue | Villager (Male) |
| 2:21 | Queue | Villager (Male) |
| 2:21 | Queue | Villager (Male) |
| 2:50 | Build | House |
| 2:58 | Queue | Villager (Male) |
| 2:58 | Queue | Villager (Male) |
| 3:18 | Queue | Militia |
| 3:18 | Queue | Militia |
| 3:23 | Queue | Villager (Male) |
| 3:49 | Queue | Villager (Male) |
| 3:49 | Queue | Villager (Male) |
| 3:49 | Queue | Villager (Male) |
| 4:14 | Queue | Militia |
| 4:34 | Queue | Villager (Male) |
| 4:38 | Build | House |
| 5:02 | Queue | Villager (Male) |
| 5:25 | Queue | Villager (Male) |
| 5:29 | Build | Lumber Camp |
| 5:56 | Queue | Villager (Male) |
| 6:20 | Queue | Villager (Male) |
| 6:21 | Build | House |
| 6:45 | Build | House |
| 6:47 | Research | Loom |
| 7:14 | Queue | Villager (Male) |
| 7:38 | Build | Mill |
| 7:47 | Queue | Villager (Male) |
| 8:37 | Research | Feudal Age |
| 8:38 | Research | Feudal Age |
| 8:43 | Build | Mining Camp |
Match timeline
| 2:16 | jsemosoom · first_building Barracks |
| 7:26 | Timbrhoggvandi · first_building Barracks |
| 8:25 | Timbrhoggvandi · age_up feudal |
| 8:45 | Timbrhoggvandi · resign |
[ AI ANALYSIS · 1 CREDIT ]
What really happened in this match?
Wolo.gg analyzes every decision: build order, eco, micro, common mistakes by bracket. Personalized analysis on WhatsApp or Discord in 30 seconds.
Civ guide
Britons
Perfil
Jugador #475826